 Dungeon Crawl Stone Soup version 0.25-a0-599-g15d2498 (webtiles) character file.

Game seed: 17375856465813943252, levelgen mode: deterministic

189 2tousent the Ruffian (level 5, -1/44 HPs)
             Began as an Oni Warper on Dec 31, 2019.
             Killed by divine providence
             ... invoked by an orc priest
              (11 damage)
             ... on level 3 of the Dungeon.
             The game lasted 00:05:11 (2315 turns).

2tousent the Ruffian (Oni Warper)                   Turns: 2315, Time: 00:05:11

Health: -1/44      AC:  3    Str: 15    XL:     5   Next: 68%
Magic:  11/11      EV: 11    Int: 14    God:
Gold:   118        SH:  0    Dex: 11    Spells: 6/9 levels left Game modifiers: None

rFire    . . .     SeeInvis .     - Unarmed
rCold    . . .     Gourm    .   (no shield)
rNeg     . . .     Faith    .   a - +0 leather armour
rPois    .         Spirit   .   (helmet restricted)
rElec    .         Reflect  .   (no cloak)
rCorr    .         Harm     .   (no gloves)
MR       .....                  (no boots)
Stlth    +.........             (no amulet)
HPRegen  0.14/turn              (no ring)
MPRegen  0.12/turn              (no ring)

@: no status effects
A: claws 1, fangs 1, horns 1, oni magic
a: no special abilities


You were on level 3 of the Dungeon.
You were hungry.

You visited 1 branch of the dungeon, and saw 3 of its levels.

You collected 118 gold pieces.

Inventory:

Missiles
 d - 5 boomerangs of dispersal (quivered)
Armour
 a - a +0 leather armour (worn)
Jewellery
 h - an uncursed ring of poison resistance {unknown}
Scrolls
 b - 2 scrolls of teleportation {unknown}
 c - a scroll of blinking
 e - 5 scrolls of identify {unknown}
 g - a scroll of noise {unknown}
 i - a scroll of enchant armour {unknown}
Potions
 j - a potion of mutation {unknown}
 k - 2 potions of curing {unknown}
 l - a potion of heal wounds {unknown}
Comestibles
 f - 7 rations


   Skills:
 + Level 2.8 Fighting
 - Level 0.8 Throwing
 - Level 0.8 Armour
 - Level 1.7 Dodging
 + Level 3.8 Unarmed Combat
 * Level 2.8 Spellcasting


You had 6 spell levels left.
You knew the following spells:

 Your Spells              Type           Power        Failure   Level  Hunger
a - Beastly Appendage     Tmut           ##....       7%          1    #......
b - Blink                 Tloc           N/A          11%         2    ###....

Your spell library contained the following spells:

 Spells                   Type           Power        Failure   Level  Hunger
 Ensorcelled Hibernation  Hex/Ice        #.....       13%         2    ###....
 Shroud of Golubria       Chrm/Tloc      #.....       13%         2    ###....
 Gell's Gravitas          Tloc           ##........   22%         3    ###....
 Lesser Beckoning         Tloc           ##........   22%         3    ###....
 Teleport Other           Tloc           ##......     22%         3    ###....
 Passage of Golubria      Tloc           N/A          56%         4    #####..


Dungeon Overview and Level Annotations

Branches:
Dungeon (3/15)

Altars:


Innate Abilities, Weirdness & Mutations

You have sharp fingernails.
You have very sharp teeth.
You have a pair of small horns on your head.
You learn spells by gaining experience, not through books or religion.
You only train spellcasting to practice magic.


Message History

You are too injured to fight recklessly!
You are too injured to fight recklessly!
You are too injured to fight recklessly!
You are too injured to fight recklessly!
You are too injured to fight recklessly!
You are too injured to fight recklessly!
You are too injured to fight recklessly!
You are too injured to fight recklessly!
You are too injured to fight recklessly!
You are too injured to fight recklessly!
You are too injured to fight recklessly!
You are too injured to fight recklessly!
You are too injured to fight recklessly!
You are too injured to fight recklessly!
Unknown command.
The rat completely misses you. The rat barely misses you.
The orc priest mumbles some strange prayers to Beogh against you.
Beogh smites you!
You die...

.. ...##...#........... ..
#. #.... #...........
./.#.###..# #######...>.
#.$...!...############.....
##.........................
.....#?...#######..........
#...............####<....
#..)oo.######### #.....
#.o.or.@.# #.....
.........##.# #.....
####.#...# .# ###.##
#.#.... .. #.# # #...##.##
.# #...# .# .# .#### .. #.
..


You could see an orc priest, 3 orcs and a rat.

Vanquished Creatures
  An ogre (D:2)
  6 adders
  A worm (D:2)
  2 dart slugs
  A leopard gecko (D:2)
  An orc (D:3)
  2 ball pythons (D:2)
  4 bats
  3 giant cockroaches
  3 goblins
  4 hobgoblins
  5 frilled lizards
  7 kobolds
  6 rats
46 creatures vanquished.

Notes
Turn   | Place    | Note
-------+----------+-------------------------------------------
     0 | D:1      | 2tousent the Oni Warper began the quest for the Orb.
     0 | D:1      | Reached XP level 1. HP: 17/17 MP: 4/4
   303 | D:1      | Reached XP level 2. HP: 24/24 MP: 6/6
   306 | D:1      | Learned a level 1 spell: Beastly Appendage
   309 | D:1      | Learned a level 2 spell: Blink
   991 | D:2      | Reached XP level 3. HP: 16/30 MP: 8/8
  1310 | D:2      | Reached XP level 4. HP: 21/37 MP: 7/9
  1619 | D:2      | Noticed an ogre
  1629 | D:2      | Killed an ogre
  1629 | D:2      | Reached skill level 3 in Unarmed Combat
  1629 | D:2      | Reached XP level 5. HP: 17/42 MP: 9/11
  2315 | D:3      | Killed from afar by an orc priest

Levels and vault maps discovered:
D:1:      saegor_arrival_simple_a, layout_basic
D:2:      layout_basic, kennysheep_generic_room_2
D:3:      layout_rooms, grunt_ministairs_1, uniq_robin

Skill      XL: |  1  2  3  4 |
---------------+-------------+-----
Spellcasting   | 2 |  2.8
Unarmed Combat | 3 |  3.8
Fighting       | |  2.8
Throwing       | |  0.8
Armour         | |  0.8
Dodging        | |  1.7

Action                   |  1- 3 |  4- 6 || total
-------------------------+-------+-------++-------
Melee: Unarmed           |    98 |    51 ||   149
       Headbutt          |    13 |    13 ||    26
       Bite              |     7 |     2 ||     9
       Kick              |     1 |     6 ||     7
       Punch             |     1 |       ||     1
 Cast: Beastly Appendage |     3 |     2 ||     5
  Eat: Chunk             |     1 |     3 ||     4
Armor: Leather armour    |    27 |     6 ||    33
Dodge: Dodged            |    64 |    29 ||    93

Table legend:
 A = Non-vault XP
 B = Vault XP
 C = Vault XP percentage of total XP
 D = Non-vault monster count
 E = Vault monster count
 F = Vault count percentage of total count
                 A         B        C        D         E       F
            +---------+---------+-------+---------+---------+-------
      Total |     265 |       5 |   1.9 |      44 |       2 |   4.3
            +---------+---------+-------+---------+---------+-------
        D:1 |      25 |       0 |   0.0 |      15 |       0 |   0.0
        D:2 |     210 |       5 |   2.3 |      25 |       2 |   7.4
        D:3 |      30 |       0 |   0.0 |       4 |       0 |   0.0
            +---------+---------+-------+---------+---------+-------
